 Dungeon Crawl Stone Soup version 0.31-a0-654-gbe3e110b4e (webtiles) character file.

Game seed: 4408365199053942225

611 ytrimaz the Sneak (level 7, 0/43 HPs)
             Began as an Octopode Shapeshifter on Aug 29, 2023.
             Was an Initiate of Ashenzari.
             Slain by a phantom (7 damage)
             ... on level 5 of the Dungeon.
             The game lasted 00:04:07 (4057 turns).

ytrimaz the Sneak (Octopode Shapeshifter)           Turns: 4057, Time: 00:04:08

Health: 0/43       AC:  1    Str: 14    XL:     7   Next: 43%
Magic:  7/7        EV: 13    Int: 12    God:    Ashenzari [......]
Gold:   263        SH:  0    Dex: 13    Spells: 6/6 levels left

rFire   . .          .
                       - Unarmed
rCold   . . .        (no shield)
rNeg    . . .        (helmet currently unavailable)
rPois   .            (no amulet)
rElec   .            h - ring of flight
rCorr   .            (no ring)
SInv    .            (no ring)
Will    +....        (no ring)
Stlth   ++++         (no ring)
HPRegen 0.27/turn    (no ring)
MPRegen 0.10/turn    (no ring)
                     (no ring)

%: no passive effects
@: brilliant, beast-form, enlightened, flying, hasted, very quick
A: beast (slay +2), almost no armour, amphibious, 8 rings, camouflage 1,
gelatinous body 1, (nimble swimmer 1), tentacles
a: Begin Untransformation, Renounce Religion


You were on level 5 of the Dungeon.
You worshipped Ashenzari.
Ashenzari was noncommittal.
You were a hulking beast.
You visited 1 branch of the dungeon, and saw 5 of its levels.

You collected 263 gold pieces.


Innate Abilities, Weirdness & Mutations

You are a hulking beast.
Your limbs bulge with bestial killing power. (Slay +2)
You cannot wear most types of armour.
You are amphibious.
You can wear up to eight rings at the same time.
Your skin changes colour to match your surroundings (Stealth+).
Your rubbery body absorbs attacks. (AC +1, EV +1)
((You are camouflaged when in or above water. (Stealth+)))
You have tentacles for arms and can constrict up to eight enemies at once.


   Skills:
 - Level 1.0 Fighting
 - Level 2.0 Dodging
 + Level 6.2 Stealth
 + Level 5.3 Unarmed Combat
 + Level 5.0 Shapeshifting


You had 6 spell levels left.
You didn't know any spells.
Your spell library contained the following spells:

 Spells                   Type           Power      Damage    Failure   Level
 Summon Small Mammal      Summ           0%         N/A       32%         1
 Blink                    Tloc           0%         N/A       45%         2
 Ensorcelled Hibernation  Hex/Ice        0%         N/A       45%         2
 Call Canine Familiar     Summ           0%         N/A       69%         3
 Summon Guardian Golem    Hex/Summ       0%         N/A       69%         3
 Anguish                  Hex/Necr       0%         N/A       97%         4
 Manifold Assault         Tloc           0%         N/A       97%         4
 Malign Gateway           Summ/Tloc      0%         N/A       100%        7
 Summon Horrible Things   Summ           0%         N/A       100%        8

Inventory:

Jewellery
 h - a ring of flight (left tentacle)
   (You found it on level 3 of the Dungeon)
Talismans
 b - a beast talisman (active)
 c - a flux talisman
 o - a serpent talisman
   (You found it on level 4 of the Dungeon)
Wands
 p - a wand of digging (5)
   (You found it on level 4 of the Dungeon)
Scrolls
 e - 2 scrolls of teleportation
 f - a scroll of vulnerability
 i - a scroll of fear
 l - a scroll of poison
 n - a scroll of enchant armour {unknown}
 q - a scroll of identify
Potions
 a - a potion of lignification
 g - a potion of invisibility
 k - 2 potions of haste
 m - a potion of brilliance

Dungeon Overview and Level Annotations

Branches:
Dungeon (5/15) Zot: 25960
 Temple: D:4-7

Altars:
Ashenzari
Makhleb
Ru
Wu Jian

Shops:
D:1 :   D:2 [   D:4 **

Annotations:
D:5 2 transporters, Dittersdorf's ghost, novice GrFi

######...#.....###..###
#...#...##....#...†...#.
##########.......................
.........#.......................
...$†....#.................#.....
.........#.......................
.................................
...............................##
##.....[........h.........#...##8
#.............W....<.........#W.
#.....................#......#.#
#........................#...#..
.................)............#.Y
##......#.............###.....#.
.........<.......# .....#.
#....#...........# .....#.
#.S####.###......# .....##


You could see a phantom.


Message History

You are too injured to fight recklessly!
The black bear bites you! The black bear misses you. The black bear claws you.
* * * LOW HITPOINT WARNING * * *
You see here 15 gold pieces. 😨 HP[-11]
You take 11 damage, and now have 20/43 hp.
MASSIVE DAMAGE!! (PAUSE)
You are too injured to fight recklessly!
You tentacle-slap the black bear. You grab the black bear.
You constrict the black bear. The black bear bites you.
* * * LOW HITPOINT WARNING * * *
The black bear claws you.
* * * LOW HITPOINT WARNING * * *
The black bear barely misses you.
A phantom comes into view. 😨 HP[-7]
You take 7 damage, and now have 13/43 hp.
You tentacle-slap the black bear. You constrict the black bear.
The black bear barely misses you. The black bear completely misses you.
The black bear claws you.
* * * LOW HITPOINT WARNING * * *
Unknown command. 😨 HP[-1]
You take 1 damage, and now have 12/43 hp.
You tentacle-slap the black bear. You constrict the black bear.
The black bear bites you.
* * * LOW HITPOINT WARNING * * *
The black bear barely misses you. The black bear claws you.
* * * LOW HITPOINT WARNING * * *
😱 HP[-8]
You take 8 damage, and now have 4/43 hp.
Unknown command.
You tentacle-slap the black bear.
You kill the black bear!
Your Stealth skill increases to level 6!
Your Shapeshifting skill increases to level 5!
Unknown command.
You see here a black bear corpse.
A hound comes into view. 😱 HP[+1]
The hound stops to sniff the ground.
The hound closely misses you.
Unknown command.
It was a potion of haste.
You feel yourself speed up. The hound bites you but does no damage.
The hound closely misses you. 😱 HP[+1]
Okay, then.
The hound attacks as it pursues you! The hound closely misses you.
The hound attacks as it pursues you! The hound bites you.
* * * LOW HITPOINT WARNING * * *
😱 HP[-5]
You take 5 damage, and now have 1/43 hp.
The hound attacks as it pursues you! The hound barely misses you.
Unknown command.
It was a potion of brilliance.
You feel clever all of a sudden. The hound misses you.
It was a potion of ambrosia.
You are confused.
You feel invigorated. The hound bites you.
* * * LOW HITPOINT WARNING * * *
😱 HP[+1] It was a potion of enlightenment.
You feel more buoyant. The hound barely misses you. 😱 HP[+3]
You regained 3 hp, and now have 5/43 hp.
Unknown command.
You're too confused to move!
The hound barely misses you. 😱 HP[+3]
You regained 3 hp, and now have 8/43 hp. 😨 HP[+3]
You regained 3 hp, and now have 11/43 hp.
Unknown command.
You're too confused to move!
You feel less invigorated.
You feel less confused. The hound bites you.
* * * LOW HITPOINT WARNING * * *
😨 HP[+2]
You regained 2 hp, and now have 13/43 hp.
Unknown command.
You tentacle-slap the hound. You grab the hound.
You tentacle-slap the hound, but do no damage.
You constrict the hound. The hound bites you.
* * * LOW HITPOINT WARNING * * *
😱 HP[-3]
You take 3 damage, and now have 10/43 hp.
You tentacle-slap the hound. You constrict the hound. The hound bites you.
* * * LOW HITPOINT WARNING * * *
Unknown command. 😱 HP[-4]
You take 4 damage, and now have 6/43 hp.
You barely miss the hound. You constrict the hound.
Unknown command.
You tentacle-slap the hound. x2
You kill the hound!
The phantom hits you!
You die...

Skill      XL: |  1  2  3  4  5  6  7 |
---------------+----------------------+-----
Stealth        | 1 2 3 4 5 6 |  6.2
Unarmed Combat | 4 5 |  5.3
Shapeshifting  | 4 5 |  5.0
Fighting       | |  1.0
Dodging        | |  2.0

Action                     |  1- 3 |  4- 6 |  7- 9 || total
---------------------------+-------+-------+-------++-------
  Melee: Unarmed           |    70 |   105 |    17 ||   192
         Constrict         |    14 |    31 |     5 ||    50
         Tentacles         |    12 |    24 |     4 ||    40
         Punch             |       |     3 |     2 ||     5
    Use: Scroll            |       |     6 |       ||     6
         Potion            |       |       |     4 ||     4
   Stab: Sleeping          |     6 |     9 |     3 ||    18
         Distracted        |     1 |     1 |       ||     2
 Armour: Skin              |     6 |     6 |     2 ||    14
  Dodge: Dodged            |    54 |    52 |    15 ||   121
   Form: Anaconda          |       |     1 |       ||     1
         Beast             |       |     1 |       ||     1

Levels and vault maps discovered:
D:1:      lemuel_arrival_muddy, layout_basic, serial_shops,
          nicolae_shop_pleasant_corner_grove, st_stairs_10
D:2:      layout_basic, serial_shops, shop, uniq_terence
D:3:      layout_rooms, mainiacjoe_overflow_boulevard,
          ebering_ecumenical_altar_box, minmay_tree_intersection,
          minmay_misc_feat_iff, amcnicky_mini_corridor_feature,
          nicolae_figureground_sparkle
D:4:      layout_basic, evilmike_ruin_ashenzari,
          chequers_temple_overflow_statue_of_worship, minmay_shop_mass,
          nicolae_shop_sticking_my_neck_out
D:5:      layout_rooms, minmay_temple_entry_proselytizer, gammafunk_ghost_arena,
          uniq_blork_the_orc, uniq_ijyb

Notes
Turn   | Place    | Note
-------+----------+-------------------------------------------
     0 | D:1      | ytrimaz the Octopode Shapeshifter began the quest for the
                  | Orb.
     0 | D:1      | Reached XP level 1. HP: 13/13 MP: 1/1
     0 | D:1      | magus.rc [v1.9.6]
   144 | D:1      | Reached skill level 1 in Stealth
   144 | D:1      | Reached XP level 2. HP: 18/18 MP: 2/2
   293 | D:1      | Found Jiunysar's Book Boutique.
   445 | D:1      | Reached skill level 2 in Stealth
   445 | D:1      | Reached XP level 3. HP: 23/23 MP: 3/3
   917 | D:2      | Found Rida's Armour Shoppe.
  1171 | D:2      | You add the spells Blink and Manifold Assault to your
                  | library.
  1195 | D:2      | You add the spells Malign Gateway and Summon Horrible
                  | Things to your library.
  1236 | D:2      | Noticed Terence
  1248 | D:2      | Killed Terence
  1249 | D:2      | Reached XP level 4. HP: 8/28 MP: 4/4
  1605 | D:2      | Reached skill level 3 in Stealth
  1883 | D:3      | Found a faded altar of an unknown god.
  1906 | D:3      | You pick up a book of Dreams and begin reading...
  1906 | D:3      | You add the spells Ensorcelled Hibernation and Anguish to
                  | your library.
  2029 | D:3      | Found a burning altar of Makhleb.
  2287 | D:3      | Reached skill level 4 in Unarmed Combat
  2287 | D:3      | Reached XP level 5. HP: 29/33 MP: 5/5
  2501 | D:4      | Reached skill level 4 in Stealth
  2501 | D:4      | Reached skill level 4 in Shapeshifting
  2664 | D:4      | Reached XP level 6. HP: 38/38 MP: 6/6
  2753 | D:4      | Found a sacrificial altar of Ru.
  2753 | D:4      | Found an ornate altar of the Wu Jian Council.
  2795 | D:4      | Found Myem's Mass Market.
  3094 | D:4      | Found Vanamiga's Neck Hole.
  3152 | D:4      | Reached skill level 5 in Stealth
  3253 | D:4      | Identified the +0 kite shield of Neall {rElec rC- Str+2}
  3273 | D:4      | Found a broken altar of Ashenzari.
  3284 | D:4      | Became a worshipper of Ashenzari the Shackled
  3593 | D:5      | Entered Level 5 of the Dungeon
  3593 | D:5      | Noticed Blork the orc
  3613 | D:5      | HP: 7/38 [gnoll/+0 halberd of freezing (6)]
  3823 | D:4      | Killed Blork the orc
  3824 | D:4      | Reached skill level 5 in Unarmed Combat
  3824 | D:4      | Reached XP level 7. HP: 35/43 MP: 7/7
  3968 | D:5      | Found a transporter.
  3980 | D:5      | Found a transporter.
  3980 | D:5      | Noticed Dittersdorf's ghost (novice GrFi)
  4011 | D:5      | You pick up a book of Callings and begin reading...
  4011 | D:5      | You add the spells Summon Small Mammal, Call Canine
                  | Familiar and Summon Guardian Golem to your library.
  4033 | D:5      | HP: 9/43 [black bear (3)]
  4033 | D:5      | HP: 4/43 [black bear (5)]
  4035 | D:5      | Reached skill level 6 in Stealth
  4035 | D:5      | Reached skill level 5 in Shapeshifting
  4045 | D:5      | HP: 1/43 [hound (6)]
  4054 | D:5      | HP: 10/43 [hound (3)]
  4057 | D:5      | Slain by a phantom

Vanquished Creatures
  A black bear (D:5)
  Blork the orc (D:4)
  A scorpion (D:4)
  2 howler monkeys (D:4)
  A hound (D:5)
  3 orc priests (D:4)
  Terence (D:2)
  An orc wizard (D:4)
  3 gnolls
  5 adders
  A white imp (D:5)
  2 ufetubi
  3 worms
  5 dart slugs
  4 orcs (D:4)
  5 endoplasms
  12 goblins
  8 hobgoblins
  5 quokkas
  9 ball pythons
  5 bats
  6 kobolds
  5 rats
89 creatures vanquished.

Table legend:
 A = Non-vault XP
 B = Vault XP
 C = Vault XP percentage of total XP
 D = Non-vault monster count
 E = Vault monster count
 F = Vault count percentage of total count
                 A         B        C        D         E       F
            +---------+---------+-------+---------+---------+-------
      Total |     783 |     132 |  14.4 |      84 |       5 |   5.6
            +---------+---------+-------+---------+---------+-------
        D:1 |      33 |       6 |  15.4 |      19 |       3 |  13.6
        D:2 |      33 |      36 |  52.2 |      18 |       1 |   5.3
        D:3 |      57 |       0 |   0.0 |      15 |       0 |   0.0
        D:4 |     441 |      90 |  16.9 |      26 |       1 |   3.7
        D:5 |     219 |       0 |   0.0 |       6 |       0 |   0.0
            +---------+---------+-------+---------+---------+-------

Skill      XL: |  1  2  3  4  5  6  7 |
---------------+----------------------+-----
Stealth        | 1 2 3 4 5 6 |  6.2
Unarmed Combat | 4 5 |  5.3
Shapeshifting  | 4 5 |  5.0
Fighting       | |  1.0
Dodging        | |  2.0

Action                     |  1- 3 |  4- 6 |  7- 9 || total
---------------------------+-------+-------+-------++-------
  Melee: Unarmed           |    70 |   105 |    17 ||   192
         Constrict         |    14 |    31 |     5 ||    50
         Tentacles         |    12 |    24 |     4 ||    40
         Punch             |       |     3 |     2 ||     5
    Use: Scroll            |       |     6 |       ||     6
         Potion            |       |       |     4 ||     4
   Stab: Sleeping          |     6 |     9 |     3 ||    18
         Distracted        |     1 |     1 |       ||     2
 Armour: Skin              |     6 |     6 |     2 ||    14
  Dodge: Dodged            |    54 |    52 |    15 ||   121
   Form: Anaconda          |       |     1 |       ||     1
         Beast             |       |     1 |       ||     1

Illustrated notes

Table legend:
 A = Kills in this place as a percentage of kills in the entire game.
 B = Kills by you in this place as a percentage of kills by you in the entire game.
 C = Kills by friends in this place as a percentage of kills by friends in the entire game.
 D = Other kills in this place as a percentage of other kills in the entire game.
 E = Experience gained in this place as a percentage of experience gained in the entire game.
 F = Experience gained in this place divided by the number of levels of this place that you have seen.
                   A       B       C       D       E      F
               +-------+-------+-------+-------+-------+----------------------
         Total | 100.0 | 100.0 |   N/A |   N/A | 100.0 | 183.0
       Dungeon | 100.0 | 100.0 |   N/A |   N/A | 100.0 | 183.0
               +-------+-------+-------+-------+-------+----------------------

Table legend: (Time is in decaauts)
 A = Elapsed time spent in this place.
 B = Non-inter-level travel time spent in this place.
 C = Inter-level travel time spent in this place.
 D = Time resting spent in this place.
 E = Time spent auto-exploring this place.
 F = Levels seen in this place.
 G = Mean time per level.
                   A        B        C        D        E       F      G
               +--------+--------+--------+--------+--------+-----+--------+
         Total |   4038 |   3845 |    193 |    116 |   2997 |   5 |  807.6 |
       Dungeon |   4038 |   3845 |    193 |    116 |   2997 |   5 |  807.6 |
               +--------+--------+--------+--------+--------+-----+--------+

Top non-repeatable levels by time:
     D:4: 1400 daAuts
     D:2: 1085 daAuts
     D:1: 791 daAuts
     D:3: 602 daAuts
     D:5: 158 daAuts
